 Dungeon Crawl Stone Soup version 0.28-a0-1622-gc30f734a66 (webtiles) character file.

Game seed: 11133681635924247197

74683 Gargoyl the Fighter (level 15, -3/120 HPs)
             Began as a Gnoll Abyssal Knight on Jan 23, 2022.
             Was a High Priest of Lugonu.
             Killed by divine providence
             ... invoked by a meliai
              (8 damage)
             ... on level 1 of the Abyss.
             The game lasted 00:39:28 (18487 turns).

Gargoyl the Fighter (Gnoll Abyssal Knight)         Turns: 18487, Time: 00:39:28

Health: -3/120     AC: 22    Str: 30    XL:     15   Next: 47%
Magic:  0/29       EV: 16    Int: 11    God:    Lugonu [*****.]
Gold:   2352       SH: 17    Dex: 25    Spells: 34/34 levels left

rFire   + . .      SeeInvis .   j - +3 broad axe (drain)
rCold   + + .      Faith    .   A - +3 kite shield
rNeg    + . .      Spirit   +   X - +2 chain mail {rN+}
rPois   +          Reflect  .   y - +2 helmet
rElec   +          Harm     .   C - +2 cloak
rCorr   +          Rampage  +   h - +0 pair of gloves of the Cobbler {Regen+ Str+4}
Will    +....      Rnd*Tele +   (no boots)
Stlth   +.........              p - amulet "Ucoopey" {Spirit Contam Rampage Dex+6 Stlth-}
HPRegen 1.10/turn               n - +6 ring of dexterity
MPRegen 0.21/turn               x - +6 ring of strength

@: resistant
A: fangs 1, strong nose, distributed training, clever 1, cold resistance 1,
teleportitis 1
a: Renounce Religion, Depart the Abyss, Bend Space, Banish, Corrupt, Enter the
Abyss


You were on level 1 of the Abyss.
You worshipped Lugonu.
Lugonu was extremely pleased with you.
You visited 2 branches of the dungeon, and saw 18 of its levels.
You visited the Abyss 2 times.
You also visited: Bailey and Gauntlet.

You collected 2517 gold pieces.
You spent 165 gold pieces at shops.

Inventory:

Hand Weapons
 a - a +2 hand axe of electrocution
 g - a +3 scimitar of flaming
 j - a +3 broad axe of draining (weapon)
 L - the +6 demon trident of Fortitude {venom, rPois MP-9 Dex+4}
   (You found it in a Gauntlet)

   It poisons the flesh of those it strikes.
   Dex:       It affects your dexterity (+4).
   rPois:     It protects you from poison.
   MP:        It affects your magic capacity (-9).
 N - the +5 scimitar "Pyruc" {freeze, Will+}
   (You found it on level 2 of the Lair of Beasts)

   It freezes those it strikes, dealing additional cold damage.
   It can also slow down cold-blooded creatures.
   Will:      It increases your willpower.
Missiles
 b - 56 poisoned darts (quivered)
 o - a throwing net
Armour
 h - the +0 pair of gloves of the Cobbler (worn) {Regen+ Str+4}
   (You acquired it on level 3 of the Dungeon)

   Str:       It affects your strength (+4).
   Regen:     It increases your rate of health regeneration.
 y - a +2 helmet (worn)
 A - a +3 kite shield (worn)
 C - a +2 cloak (worn)
 X - a +2 chain mail of positive energy (worn)
Jewellery
 c - a +6 ring of dexterity
 e - a ring of positive energy
 i - an amulet of reflection
 n - a +6 ring of dexterity (left hand)
 p - the amulet "Ucoopey" (around neck) {Spirit Contam Rampage Dex+6 Stlth-}
   (You found it on level 4 of the Dungeon)

   [amulet of guardian spirit]

   It causes incoming damage to be divided between your reserves of health and
   magic.
   Dex:       It affects your dexterity (+6).
   Contam:    It causes magical contamination when unequipped.
   Rampage:   It bestows one free step when moving towards enemies.
   Stlth:     It makes you less stealthy.
 w - a ring of protection from cold
 x - a +6 ring of strength (right hand)
 F - a ring of resist corrosion
 G - a ring of willpower
 Q - an amulet of regeneration
Wands
 u - a wand of iceblast (32)
 H - a wand of digging (12)
 I - a wand of flame (33)
 J - a wand of acid (12)
 M - a wand of polymorph (12)
 P - a wand of paralysis (5)
Scrolls
 k - 6 scrolls of teleportation
 s - a scroll of identify
 t - a scroll of brand weapon
 B - 6 scrolls of fog
 D - 5 scrolls of fear
 O - 4 scrolls of blinking
 V - 3 scrolls of magic mapping
Potions
 d - a potion of berserk rage
 f - 5 potions of invisibility
 l - 3 potions of magic
 m - 3 potions of brilliance
 q - 10 potions of curing
 r - a potion of flight
 v - 3 potions of haste
 E - 2 potions of cancellation
 R - 6 potions of ambrosia
 T - 2 potions of might
 U - a potion of heal wounds


   Skills:
 + Level 12.0 Fighting
 + Level 10.1 Short Blades
 + Level 10.1 Long Blades
 + Level 11.1 Axes
 + Level 10.1 Maces & Flails
 + Level 10.1 Polearms
 + Level 10.1 Staves
 + Level 10.1 Slings
 + Level 10.1 Bows
 + Level 10.1 Crossbows
 + Level 10.1 Throwing
 + Level 11.1 Armour
 + Level 10.5 Dodging
 + Level 10.1 Stealth
 + Level 10.1 Shields
 + Level 10.1 Unarmed Combat
 + Level 10.1 Spellcasting
 + Level 8.5 Conjurations
 + Level 8.5 Hexes
 + Level 8.5 Summonings
 + Level 8.5 Necromancy
 + Level 8.5 Translocations
 + Level 8.5 Transmutations
 + Level 8.5 Fire Magic
 + Level 8.5 Ice Magic
 + Level 8.5 Air Magic
 + Level 8.5 Earth Magic
 + Level 8.5 Poison Magic
 + Level 11.9 Invocations
 + Level 10.1 Evocations


You had 34 spell levels left.
You didn't know any spells.
Your spell library contained the following spells:

 Spells                   Type           Power      Damage    Failure   Level
 Freeze                   Ice            96%        1d11      3%          1
 Corpse Rot               Necr/Air       48%        N/A       4%          2
 Ensorcelled Hibernation  Hex/Ice        48%        N/A       4%          2
 Passwall                 Tmut/Erth      20%        N/A       4%          2
 Dazzling Flash           Conj/Hex       48%        N/A       10%         3
 Frozen Ramparts          Ice            48%        1d6       10%         3
 Gell's Gravitas          Tloc           24%        N/A       10%         3
 Lesser Beckoning         Tloc           24%        N/A       10%         3
 Swiftness                Air            24%        N/A       10%         3
 Teleport Other           Tloc           24%        N/A       10%         3
 Cause Fear               Hex            12%        N/A       32%         4
 Dispel Undead            Necr           24%        3d12      32%         4
 Hailstorm                Conj/Ice       24%        3d7       32%         4
 Iskenderun's Mystic Bla  Conj/Tloc      24%        2d7       32%         4
 Petrify                  Tmut/Erth      24%        N/A       32%         4
 Agony                    Necr           24%        N/A       65%         5
 Alistair's Intoxication  Tmut/Pois      16%        N/A       65%         5
 Blade Hands              Tmut           12%        N/A       65%         5
 Borgnjor's Vile Clutch   Necr/Erth      12%        N/A       65%         5
 Irradiate                Conj/Tmut      12%        3d17      65%         5
 Metabolic Englaciation   Hex/Ice        12%        N/A       65%         5
 Silence                  Hex/Air        12%        N/A       65%         5
 Death Channel            Necr           12%        N/A       99%         6
 Eringya's Noxious Bog    Tmut/Pois      12%        N/A       99%         6
 Starburst                Conj/Fire      12%        6d5       99%         6
 Statue Form              Tmut/Erth      16%        N/A       99%         6
 Dragon Form              Tmut           12%        N/A       100%        7
 Dragon's Call            Summ           12%        N/A       100%        9


Dungeon Overview and Level Annotations

Branches:
Dungeon (12/15)            Temple (0/1) D:7            Lair (6/6) D:8
  Swamp (0/4) Lair:2       Spider (0/4) Lair:4        Slime (0/5) Lair:5
    Orc (0/2) D:9          Bailey (visited)         Gauntlet (visited)

Altars:
Cheibriados
Elyvilon
Beogh

Shops:
D:2 [   D:9 *


Innate Abilities, Weirdness & Mutations

You have very sharp teeth.
Your uncanny sense of smell can sniff out nearby items.
Your experience applies equally to all skills.
Your mind is acute. (Int +2)
Your flesh is cold resistant. (rC+)
You are occasionally teleported next to monsters.


Message History

You block the cyan ugly thing's attack. You block the tengu reaver's attack. x3
The frost giant hits you with a +4 battleaxe of freezing.
* * * LOW HITPOINT WARNING * * *
The frost giant points at you and mumbles some strange words.
The bolt of cold misses you. The cyan ugly thing claws you!
* * * LOW HITPOINT WARNING * * *
The cyan ugly thing shocks you. You resist.
* * * LOW HITPOINT WARNING * * *
Unknown command.
You hit the cyan ugly thing. Your bite misses the cyan ugly thing.
The cyan ugly thing is heavily wounded.
You hit the frost giant but do no damage.
You drain the frost giant. You slash the tengu reaver!
You hit the frost giant but do no damage.
The tengu reaver closely misses you.
The tengu reaver pecks you but does no damage.
You block the tengu reaver's attack. You block the frost giant's attack.
The frost giant points at you and mumbles some strange words.
The bolt of cold hits you! You resist.
* * * LOW HITPOINT WARNING * * *
The cyan ugly thing misses you.
You don't have enough magic at the moment.
Magic courses through your body.
The tengu reaver hits you but does no damage.
You block the tengu reaver's attack.
The tengu reaver claws you but does no damage.
The frost giant hits you with a +2 battleaxe of freezing!!
* * * LOW HITPOINT WARNING * * *
The frost giant gestures at you while chanting.
The bolt of cold hits you! You resist.
* * * LOW HITPOINT WARNING * * *
You block the cyan ugly thing's attack.
This branch contains the abyssal rune of Zot.
Lugonu is no longer ready to corrupt your weapon.
Found a corrupted altar of Lugonu.
A seven-headed hydra is nearby!
The meliai buzzes angrily.
The meliai calls down the wrath of its god upon you.
Something smites you!
You die...

#.#..#...###..
.... .......#
...........# #.
..#..#......#...
......#.........
..........y.....
......_.........
#.. ..#..####...
.##...#.@# .. .
#...# ..#.#
#..... . ..
........ #.
#......#...
........ ..
.#####..#. # ##
.####


You could see a meliai (drained).

Vanquished Creatures
  The ghost of Anamonty the Transmogrifier, a journeyman NaTm of Kikubaaqudgha (D:10)
  The ghost of Ikoybbyv the Archer, a journeyman MiHu of Fedhas (Lair:2)
  A rakshasa (D:11)
  A hydra (D:12)
  2 vault guards (Bailey)
  A boulder beetle (D:12)
  Erolcha (D:9)
  3 catoblepae (Lair:6)
  Erica (D:9)
  20 death yaks
  2 tengu warriors
  A skeletal warrior (D:12)
  A deep elf pyromancer (D:12)
  2 manticores (Lair:6)
  4 centaur zombies
  A cyclops (D:11)
  5 black mambas
  3 elephants
  11 cane toads
  7 torpor snails
  An unseen horror (D:7)
  5 rime drakes
  Psyche (D:9)
  13 komodo dragons
  A freezing wraith (D:12)
  An efreet (Gauntlet)
  A tengu conjurer (Gauntlet)
  A queen bee (Lair:5)
  2 meliai (Lair:5)
  4 polar bears
  A troll (D:7)
  2 hornets
  Prince Ribbit (Bailey)
  5 dream sheep (Lair:6)
  2 jumping spiders (Lair:4)
  25 blink frogs
  4 wyverns
  A spriggan (Lair:6)
  4 shadows
  2 wraiths
  3 basilisks
  A fire elemental (Gauntlet)
  78 yaks
  2 humans (Bailey)
  A steam dragon (D:8)
  A hog (shapeshifter) (D:10)
  Grum (D:8)
  A redback (Lair:4)
  A warg (D:10)
  3 hell hounds (Gauntlet)
  24 water moccasins
  An ogre (D:6)
  3 hornet zombies
  5 orc warriors
  2 sky beasts
  3 black bears
  4 necrophages
  An ice beast (D:6)
  13 wolves
  A centaur (D:9)
  3 kobold brigands
  17 bullfrogs
  A gnoll sergeant (D:10)
  5 scorpions
  A water moccasin zombie (D:6)
  25 killer bees
  4 wights (D:4)
  5 electric eels
  A bullfrog zombie (D:6)
  8 jellies
  4 orc priests
  A centaur skeleton (D:5)
  3 hounds (D:5)
  6 hell rats (Lair:6)
  2 iguanas (D:6)
  9 orc wizards
  A hound zombie (D:5)
  A hound skeleton (D:4)
  2 howler monkey zombies
  Robin (D:2)
  15 gnolls
  9 adders
  2 white imps
  An ufetubus (D:4)
  An adder skeleton (D:4)
  4 dart slugs
  34 orcs
  7 bats
  9 endoplasms
  4 giant cockroaches
  22 goblins
  9 hobgoblins
  12 jackals
  6 quokkas
  11 ball pythons
  6 frilled lizards
  22 kobolds
  6 rats
575 creatures vanquished.

Vanquished Creatures (others)
  A minotaur (Gauntlet)
  A boulder beetle (Lair:5)
  2 raiju (Gauntlet)
  A spatial vortex (Gauntlet)
  2 hell hounds (Gauntlet)
  A lightning spire (Gauntlet)
  2 bushes (Lair:6)
  13 demonic plants (Gauntlet)
  37 fungi
  47 plants
107 creatures vanquished.

Grand Total: 682 creatures vanquished

Notes
Turn   | Place    | Note
-------+----------+-------------------------------------------
     0 | Abyss:1  | Gargoyl the Gnoll Abyssal Knight began the quest for the
                  | Orb.
     0 | Abyss:1  | Reached XP level 1. HP: 23/23 MP: 3/3
    17 | Abyss:2  | Found a corrupted altar of Lugonu.
    31 | Abyss:2  | Noticed a wretched star
    31 | D:1      | Escaped the Abyss
   184 | D:1      | Reached XP level 2. HP: 29/29 MP: 5/5
   212 | D:1      | Reached * piety under Lugonu
   519 | D:1      | Reached XP level 3. HP: 17/35 MP: 6/6
  1045 | D:1      | Found a faded altar of an unknown god.
  1230 | D:2      | Found Xeab's Antique Armour Shoppe.
  1390 | D:2      | Reached ** piety under Lugonu
  1468 | D:2      | Reached skill level 1 in Short Blades
  1468 | D:2      | Reached skill level 1 in Long Blades
  1468 | D:2      | Reached skill level 1 in Maces & Flails
  1468 | D:2      | Reached skill level 1 in Polearms
  1468 | D:2      | Reached skill level 1 in Staves
  1468 | D:2      | Reached skill level 1 in Slings
  1468 | D:2      | Reached skill level 1 in Bows
  1468 | D:2      | Reached skill level 1 in Crossbows
  1468 | D:2      | Reached skill level 1 in Throwing
  1468 | D:2      | Reached skill level 1 in Stealth
  1468 | D:2      | Reached skill level 1 in Shields
  1468 | D:2      | Reached skill level 1 in Unarmed Combat
  1468 | D:2      | Reached skill level 1 in Spellcasting
  1468 | D:2      | Reached skill level 1 in Evocations
  1638 | D:2      | Noticed Robin
  1648 | D:2      | Reached XP level 4. HP: 31/41 MP: 7/7
  1655 | D:2      | Killed Robin
  2027 | D:3      | Reached skill level 1 in Conjurations
  2027 | D:3      | Reached skill level 1 in Hexes
  2027 | D:3      | Reached skill level 1 in Summonings
  2027 | D:3      | Reached skill level 1 in Necromancy
  2027 | D:3      | Reached skill level 1 in Translocations
  2027 | D:3      | Reached skill level 1 in Transmutations
  2027 | D:3      | Reached skill level 1 in Fire Magic
  2027 | D:3      | Reached skill level 1 in Ice Magic
  2027 | D:3      | Reached skill level 1 in Air Magic
  2027 | D:3      | Reached skill level 1 in Earth Magic
  2027 | D:3      | Reached skill level 1 in Poison Magic
  2276 | D:3      | Reached XP level 5. HP: 43/47 MP: 8/8
  2445 | D:3      | Identified 3 scrolls of acquirement
  2445 | D:3      | Acquired the +0 pair of gloves of the Cobbler {Regen+
                  | Str+4}
  2482 | D:3      | Reached *** piety under Lugonu
  2486 | D:3      | Acquired a +1 broad axe of draining
  2488 | D:3      | Acquired 1204 gold pieces
  3039 | D:4      | Reached skill level 5 in Invocations
  3039 | D:4      | Reached XP level 6. HP: 50/53 MP: 9/9
  3098 | D:4      | Noticed a necrophage
  3105 | D:4      | Killed a necrophage
  3106 | D:4      | Reached skill level 5 in Axes
  3106 | D:4      | Reached skill level 5 in Armour
  3325 | D:4      | Reached XP level 7. HP: 55/59 MP: 10/10
  3345 | D:4      | Reached skill level 7 in Fighting
  3564 | D:4      | Reached **** piety under Lugonu
  3588 | D:4      | Identified the amulet "Ucoopey" {Spirit Contam Rampage
                  | Dex+6 Stlth-}
  3734 | D:4      | Reached XP level 8. HP: 59/67 MP: 12/12
  3875 | D:5      | Entered Level 5 of the Dungeon
  3875 | D:5      | Found a white marble altar of Elyvilon.
  4558 | D:5      | You fall into a shaft and drop 2 floors!
  4558 | D:7      | Noticed a troll
  4568 | D:7      | Killed a troll
  4569 | D:7      | Reached XP level 9. HP: 49/73 MP: 14/14
  4807 | D:6      | Reached ***** piety under Lugonu
  4825 | D:6      | Reached skill level 5 in Dodging
  5746 | D:7      | Reached skill level 8 in Fighting
  5752 | D:7      | Found a staircase to the Ecumenical Temple.
  6101 | D:7      | Killed an unseen horror
  6613 | D:8      | Noticed Grum
  6615 | D:8      | Noticed a hornet
  6621 | D:8      | Reached XP level 10. HP: 78/80 MP: 17/17
  6631 | D:8      | Paralysed by a hornet for 2 turns
  6642 | D:7      | Reached skill level 5 in Short Blades
  6642 | D:7      | Reached skill level 5 in Long Blades
  6642 | D:7      | Reached skill level 5 in Maces & Flails
  6642 | D:7      | Reached skill level 5 in Polearms
  6642 | D:7      | Reached skill level 5 in Staves
  6642 | D:7      | Reached skill level 5 in Slings
  6642 | D:7      | Reached skill level 5 in Bows
  6642 | D:7      | Reached skill level 5 in Crossbows
  6642 | D:7      | Reached skill level 5 in Throwing
  6642 | D:7      | Reached skill level 5 in Stealth
  6642 | D:7      | Reached skill level 5 in Shields
  6642 | D:7      | Reached skill level 5 in Unarmed Combat
  6642 | D:7      | Reached skill level 5 in Spellcasting
  6642 | D:7      | Reached skill level 5 in Evocations
  6735 | D:8      | Killed Grum
  6812 | D:8      | Found a staircase to the Lair.
  7532 | Lair:1   | Entered Level 1 of the Lair of Beasts
  7539 | Lair:1   | Found a gate leading to a gauntlet.
  7579 | Lair:1   | Noticed a cane toad
  7589 | Lair:1   | Killed a cane toad
  7618 | Gauntlet | Entered a Gauntlet
  7618 | Gauntlet | Noticed a tengu warrior
  7618 | Gauntlet | Found a large runed translucent door.
  7618 | Gauntlet | Found a large runed translucent door.
  7618 | Gauntlet | Found a large runed translucent door.
  7618 | Gauntlet | Found a large runed translucent door.
  7618 | Gauntlet | Found a runed translucent door.
  7618 | Gauntlet | Found a large runed translucent door.
  7618 | Gauntlet | Found a large runed translucent door.
  7618 | Gauntlet | Found a transporter.
  7618 | Gauntlet | Found a transporter.
  7618 | Gauntlet | Found a large runed translucent door.
  7618 | Gauntlet | Found a large runed translucent door.
  7618 | Gauntlet | Found a runed translucent gate.
  7618 | Gauntlet | Found a runed translucent gate.
  7618 | Gauntlet | Found a transporter.
  7619 | Gauntlet | Found a transporter.
  7622 | Gauntlet | Found a transporter.
  7622 | Gauntlet | Found a transporter.
  7627 | Gauntlet | Found a runed translucent gate.
  7627 | Gauntlet | Found a runed translucent door.
  7629 | Gauntlet | Found a large runed translucent door.
  7633 | Gauntlet | Found a transporter.
  7634 | Gauntlet | Noticed a hell beast
  7637 | Gauntlet | Found a transporter.
  7646 | Gauntlet | Found a transporter.
  7646 | Gauntlet | Found a transporter.
  7646 | Gauntlet | Noticed a hell beast
  7647 | Gauntlet | Found a transporter.
  7650 | Gauntlet | Found a transporter.
  7657 | Gauntlet | Noticed a minotaur
  7698 | Gauntlet | Corrupted Gauntlet
  7698 | Gauntlet | Noticed a glowing orange brain
  7698 | Gauntlet | Noticed an Executioner
  7698 | Gauntlet | Noticed a spatial maelstrom
  7698 | Gauntlet | Noticed a starcursed mass
  7699 | Gauntlet | Noticed a flayed ghost
  7699 | Gauntlet | Noticed a smoke demon
  7699 | Gauntlet | Noticed a cane toad
  7699 | Gauntlet | a shapeshifter changed into a cane toad
  7700 | Gauntlet | Banished a hell beast
  7702 | Gauntlet | Killed a minotaur
  7896 | Gauntlet | Banished a hell beast
  7897 | Gauntlet | Reached XP level 11. HP: 43/87 MP: 6/19
  8065 | Gauntlet | Found a large runed translucent door.
  8065 | Gauntlet | Found a large runed translucent door.
  8078 | Gauntlet | Found a large runed translucent door.
  8078 | Gauntlet | Found a large runed translucent door.
  8079 | Gauntlet | Found a large runed translucent door.
  8080 | Gauntlet | Found a large runed translucent door.
  8080 | Gauntlet | Found a large runed translucent door.
  8100 | Gauntlet | Reached skill level 9 in Fighting
  8106 | Gauntlet | Killed a tengu warrior
  8107 | Gauntlet | Reached skill level 5 in Conjurations
  8107 | Gauntlet | Reached skill level 5 in Hexes
  8107 | Gauntlet | Reached skill level 5 in Summonings
  8107 | Gauntlet | Reached skill level 5 in Necromancy
  8107 | Gauntlet | Reached skill level 5 in Translocations
  8107 | Gauntlet | Reached skill level 5 in Transmutations
  8107 | Gauntlet | Reached skill level 5 in Fire Magic
  8107 | Gauntlet | Reached skill level 5 in Ice Magic
  8107 | Gauntlet | Reached skill level 5 in Air Magic
  8107 | Gauntlet | Reached skill level 5 in Earth Magic
  8107 | Gauntlet | Reached skill level 5 in Poison Magic
  8448 | Gauntlet | Identified the +6 demon trident of Fortitude {venom, rPois
                  | MP-9 Dex+4}
  8448 | Gauntlet | Identified the amulet of Ozavur {Spirit rPois Regen+ Dex+2}
  9279 | Lair:1   | Identified the +0 trident "Vakkofai" {vamp, Contam rN+
                  | Will+++ Str-3}
  9946 | Lair:2   | You fall into a shaft and drop 1 floor!
  9955 | Lair:3   | Reached XP level 12. HP: 86/96 MP: 18/22
 10077 | Lair:2   | Found a runed translucent gate.
 10077 | Lair:2   | Found a runed translucent gate.
 10077 | Lair:2   | Noticed Ikoybbyv's ghost (journeyman MiHu)
 10077 | Lair:2   | Noticed a 13-headed hydra
 10078 | Lair:2   | Found a runed translucent gate.
 10078 | Lair:2   | Noticed an 11-headed hydra
 10322 | Lair:2   | Found a staircase to the Swamp.
 10585 | Lair:2   | Banished a 13-headed hydra
 10586 | Lair:2   | Banished an 11-headed hydra
 10610 | Lair:2   | Killed Ikoybbyv's ghost
 10614 | Lair:2   | Identified the +5 scimitar "Pyruc" {freeze, Will+}
 10706 | Lair:3   | Reached skill level 10 in Fighting
 11196 | Lair:3   | Reached XP level 13. HP: 97/103 MP: 21/24
 11215 | Lair:3   | Found a snail-covered altar of Cheibriados.
 11626 | Lair:4   | Found a hole to the Spider Nest.
 11664 | Lair:4   | Reached skill level 10 in Invocations
 12865 | Lair:5   | Reached ****** piety under Lugonu
 13073 | Lair:5   | Reached skill level 11 in Fighting
 13073 | Lair:5   | Reached skill level 10 in Axes
 13073 | Lair:5   | Reached skill level 10 in Armour
 13073 | Lair:5   | Reached XP level 14. HP: 113/113 MP: 21/26
 13188 | Lair:5   | Found a staircase to the Slime Pits.
 13745 | Lair:6   | Entered Level 6 of the Lair of Beasts
 14552 | Lair:6   | Reached skill level 10 in Dodging
 14591 | Lair:6   | Identified the +1 ring mail of the Fiddle {Harm}
 15325 | Lair:6   | Reached XP level 15. HP: 120/120 MP: 28/28
 15584 | D:9      | Found Abioceu's Assorted Antiques.
 15592 | D:9      | Bought a glowing chain mail for 165 gold pieces
 15744 | D:9      | Found a staircase to the Orcish Mines.
 15993 | D:9      | Noticed Erolcha
 16003 | D:9      | Killed Erolcha
 16049 | D:9      | Noticed Psyche
 16055 | D:9      | Killed Psyche
 16179 | D:9      | Noticed Erica
 16185 | D:9      | Killed Erica
 16255 | D:10     | Entered Level 10 of the Dungeon
 16483 | D:10     | Found a flagged portal.
 16500 | Bailey   | Entered a bailey
 16502 | Bailey   | Gained mutation: You are clumsy. (Dex -2) [mutagenic glow]
 16608 | Bailey   | Noticed Prince Ribbit
 16619 | Bailey   | Killed Prince Ribbit
 16828 | D:10     | Reached skill level 10 in Short Blades
 16828 | D:10     | Reached skill level 10 in Long Blades
 16828 | D:10     | Reached skill level 10 in Maces & Flails
 16828 | D:10     | Reached skill level 10 in Polearms
 16828 | D:10     | Reached skill level 10 in Staves
 16828 | D:10     | Reached skill level 10 in Slings
 16828 | D:10     | Reached skill level 10 in Bows
 16828 | D:10     | Reached skill level 10 in Crossbows
 16828 | D:10     | Reached skill level 10 in Throwing
 16828 | D:10     | Reached skill level 10 in Stealth
 16828 | D:10     | Reached skill level 10 in Shields
 16828 | D:10     | Reached skill level 10 in Unarmed Combat
 16828 | D:10     | Reached skill level 10 in Spellcasting
 16828 | D:10     | Reached skill level 10 in Evocations
 16829 | D:10     | Identified the +3 scale mail of Atheism {rPois}
 17114 | D:10     | Found a runed translucent gate.
 17114 | D:10     | Noticed Anamonty's ghost (journeyman NaTm)
 17115 | D:10     | Found a runed translucent gate.
 17116 | D:10     | Found a runed translucent gate.
 17155 | D:10     | Killed Anamonty's ghost
 17172 | D:10     | Identified the -2 pair of gloves "Guilufo" {rElec rF+ Int-4
                  | Slay+5}
 17601 | D:11     | Lost mutation: You are clumsy. (Dex -2) [potion of
                  | mutation]
 17601 | D:11     | Gained mutation: Your flesh is cold resistant. (rC+)
                  | [potion of mutation]
 17601 | D:11     | Gained mutation: You are occasionally teleported next to
                  | monsters. [potion of mutation]
 17601 | D:11     | Gained mutation: Your mind is acute. (Int +2) [potion of
                  | mutation]
 18216 | D:12     | Reached skill level 12 in Fighting
 18469 | D:12     | Noticed a tengu reaver
 18469 | D:12     | Noticed a frost giant
 18470 | D:12     | Noticed a frost giant
 18487 | Abyss:1  | Killed from afar by a meliai

Illustrated notes

Levels and vault maps discovered:
D:1:      eino_arrival_tree_alley, layout_loops_ring,
          ebering_ecumenical_altar_hall
D:2:      layout_basic, serial_shops, shop_fountains, uniq_robin
D:3:      kennysheep_six_static_rooms, layout_basic
D:4:      minmay_recursive_quarters, layout_loops_ring
D:5:      layout_gridville, general_overflow_altar, kennysheep_generic_room_12
D:6:      layout_loops_ring, moated_statue
D:7:      layout_basic, minmay_temple_entry_statues_pillars, corner_web_ring
D:8:      layout_basic, dpeg_oklobed_lair, kennysheep_nub, uniq_grum
D:9:      layout_gridville, orc_0_dummy, serial_shops, nicolae_shop_crystal,
          uniq_psyche, uniq_erica, uniq_erolcha
D:10:     layout_gridville, enter_bailey_3, biasface_ghost_orc_armoury,
          minmay_checkerbox
D:11:     layout_basic
D:12:     minmay_containers, layout_irregular_city
Lair:1:   layout_cave_shapes, gauntlet_entry_generic,
          chequers_serial_rivers_micro_c, serial_bayou_lake_a
Lair:2:   layout_roguey, swamp_mist, gammafunk_ghost_hydra_chop,
          beast_lair_carwin_3, infiniplex_staircase_pool
Lair:3:   layout_small_grid, kennysheep_snail_temple
Lair:4:   layout_loops_ring, spider_nest_entry_a
Lair:5:   layout_roguey [special_room_bee], nicolae_slime_entry_slimehenge,
          st_stairs_8, serial_bayou_shore_a, grunt_megastairs_2
Lair:6:   evilmike_catoblepas_cave, layout_cave_pods,
          portal_ice_cave_entry_pillars_1, wad_woods_03
Abyss:1:  base: Temple, base: Temple, base: D:11, evilmike_abyss_exit_kraken

Skill      XL: |  1  2  3  4  5  6  7  8  9 10 11 12 13 14 15 |
---------------+----------------------------------------------+-----
Short Blades   | 1 2 3 4 5 6 7 8 9 10 | 10.1
Long Blades    | 1 2 3 4 5 6 7 8 9 10 | 10.1
Maces & Flails | 1 2 3 4 5 6 7 8 9 10 | 10.1
Polearms       | 1 2 3 4 5 6 7 8 9 10 | 10.1
Staves         | 1 2 3 4 5 6 7 8 9 10 | 10.1
Slings         | 1 2 3 4 5 6 7 8 9 10 | 10.1
Bows           | 1 2 3 4 5 6 7 8 9 10 | 10.1
Crossbows      | 1 2 3 4 5 6 7 8 9 10 | 10.1
Throwing       | 1 2 3 4 5 6 7 8 9 10 | 10.1
Stealth        | 1 2 3 4 5 6 7 8 9 10 | 10.1
Shields        | 1 2 3 4 5 6 7 8 9 10 | 10.1
Unarmed Combat | 1 2 3 4 5 6 7 8 9 10 | 10.1
Spellcasting   | 1 2 3 4 5 6 7 8 9 10 | 10.1
Evocations     | 1 2 3 4 5 6 7 8 9 10 | 10.1
Conjurations   | 1 2 3 4 5 6 7 8 |  8.5
Hexes          | 1 2 3 4 5 6 7 8 |  8.5
Summonings     | 1 2 3 4 5 6 7 8 |  8.5
Necromancy     | 1 2 3 4 5 6 7 8 |  8.5
Translocations | 1 2 3 4 5 6 7 8 |  8.5
Transmutations | 1 2 3 4 5 6 7 8 |  8.5
Fire Magic     | 1 2 3 4 5 6 7 8 |  8.5
Ice Magic      | 1 2 3 4 5 6 7 8 |  8.5
Air Magic      | 1 2 3 4 5 6 7 8 |  8.5
Earth Magic    | 1 2 3 4 5 6 7 8 |  8.5
Poison Magic   | 1 2 3 4 5 6 7 8 |  8.5
Dodging        | 3 4 5 6 7 8 9 10 | 10.5
Invocations    | 5 6 7 8 9 10 11 | 11.9
Axes           | 5 6 7 8 9 10 11 | 11.1
Armour         | 5 6 7 8 9 10 11 | 11.1
Fighting       | 7 8 9 10 11 12 | 12.0

Action                   |  1- 3 |  4- 6 |  7- 9 | 10-12 | 13-15 || total
-------------------------+-------+-------+-------+-------+-------++-------
Melee: Hand axe          |   108 |    82 |       |       |       ||   190
       Bite              |     6 |    13 |    31 |    55 |   167 ||   272
       Punch             |     1 |     3 |     6 |       |       ||    10
       Broad axe         |       |    81 |   279 |   459 |   956 ||  1775
       Scimitar          |       |       |       |       |     4 ||     4
Throw: Dart              |       |       |       |     3 |       ||     3
Invok: Depart the Abyss  |     1 |       |       |       |       ||     1
       Banish            |       |       |       |     4 |    12 ||    16
       Bend Space        |       |       |       |     1 |     1 ||     2
       Corrupt           |       |       |       |     1 |       ||     1
       Enter the Abyss   |       |       |       |       |     1 ||     1
  Use: Scroll            |     2 |    11 |    12 |     8 |    10 ||    43
       Potion            |       |       |       |     5 |     3 ||     8
 Stab: Distracted        |       |       |       |       |     1 ||     1
Armor: Leather armour    |    28 |       |       |       |       ||    28
       Plate armour      |    19 |   181 |   269 |   308 |   356 ||  1133
       Chain mail        |       |       |       |       |   145 ||   145
Dodge: Dodged            |    68 |    72 |   124 |   275 |   535 ||  1074
Block: Kite shield       |       |       |    42 |   491 |   942 ||  1475

Table legend: (Time is in decaauts)
 A = Elapsed time spent in this place.
 B = Non-inter-level travel time spent in this place.
 C = Inter-level travel time spent in this place.
 D = Time resting spent in this place.
 E = Time spent auto-exploring this place.
 F = Levels seen in this place.
 G = Mean time per level.
                   A        B        C        D        E       F      G
               +--------+--------+--------+--------+--------+-----+--------+
         Total |  19148 |  18499 |    649 |   1178 |  12024 |  23 |  832.5 |
       Dungeon |  10542 |  10190 |    352 |     94 |   7461 |  12 |  878.5 |
          Lair |   7484 |   7187 |    297 |    642 |   4426 |   6 | 1247.3 |
         Abyss |     33 |     33 |      0 |      0 |     20 |   3 |   11.0 |
        Bailey |    225 |    225 |      0 |      0 |     95 |   1 |  225.0 |
      Gauntlet |    861 |    861 |      0 |    442 |     22 |   1 |  861.0 |
               +--------+--------+--------+--------+--------+-----+--------+

Top non-repeatable levels by time:
  Lair:6: 1730 daAuts
  Lair:1: 1571 daAuts
  Lair:3: 1258 daAuts
     D:1: 1156 daAuts
     D:7: 1103 daAuts
  Lair:5: 1052 daAuts
     D:3: 1022 daAuts
  Lair:4: 1012 daAuts
     D:8: 928 daAuts
     D:4: 914 daAuts
    D:10: 901 daAuts
     D:5: 898 daAuts
     D:6: 891 daAuts
Gauntlet: 861 daAuts
  Lair:2: 859 daAuts
